AoeStats
← 文風

Socotra

506519808Analyzed
2v2 RM · 18d ago on Sep 13, 2026· 47m 38s· 4 players
Game mode
Random Map
Map size
Tiny (2 player)
Population
200
Speed
Normal
Resources
Standard
Victory
Conquest
Starting age
Dark Age
Ending age
Imperial Age
RankedLock teamsTeams togetherTeam positionsShared explorationLock speedFull tech treeHidden civsTurbo modeCheats
Victory
Defeat
🇭🇰 Ethiopians · Hong Kong SAR China
1411
+14
🇬🇧 Khmer · United Kingdom
1405
+14
🇬🇧 Ethiopians · United Kingdom
1401
-15
🇬🇧 Byzantines · United Kingdom
1339
-13
dustyjackson081
8:01 Feudal Age
7:58 Loom
12:26 Fletching
14:05 Double-Bit Axe
16:33 Horse Collar
16:59 Padded Archer Armor
23:17 Castle Age
22:11 Bloodlines
23:03 Forging
23:01 Scale Barding Armor
23:21 Light Cavalry
24:02 Husbandry
24:42 Chain Barding Armor
24:45 Bow Saw
30:49 Ballistics
35:58 Wheelbarrow
35:24 Heavy Plow
38:31 Bodkin Arrow
42:39 Imperial Age
42:09 Hand Cart
43:25 Siege Engineers
43:31 Cavalier
44:15 Hussar
45:37 Plate Barding Armor
46:38 Conscription
46:19 Double Crossbow
文風
9:26 Feudal Age
7:43 Loom
10:06 Double-Bit Axe
13:02 Fletching
13:12 Gold Mining
14:51 Padded Archer Armor
22:47 Castle Age
23:23 Bodkin Arrow
23:28 Crossbowman
24:38 Ballistics
28:25 Leather Archer Armor
29:12 Wheelbarrow
32:36 Thumb Ring
36:49 Gold Shaft Mining
36:28 Bow Saw
42:57 Imperial Age
43:51 Bracer
44:22 Ring Archer Armor
43:14 Arbalester
44:58 Chemistry
deadshot
3:08 Loom
6:30 Loom
9:35 Feudal Age
18:28 Wheelbarrow
17:55 Padded Archer Armor
17:47 Fletching
20:55 Padded Archer Armor
22:43 Horse Collar
23:04 Gold Mining
23:07 Double-Bit Axe
27:43 Castle Age
27:45 Crossbowman
28:27 Bodkin Arrow
28:52 Thumb Ring
44:12 Bow Saw
46:36 Imperial Age
45:28 Ballistics
[M]Mafia
6:29 Loom
9:30 Feudal Age
10:50 Double-Bit Axe
16:22 Fletching
22:34 Castle Age
22:10 Horse Collar
22:36 Padded Archer Armor
22:51 Scale Barding Armor
25:31 Chain Barding Armor
29:43 Forging
32:28 Heavy Plow
33:47 Wheelbarrow
34:34 Iron Casting
43:15 Imperial Age
41:52 Bodkin Arrow
42:07 Husbandry
43:27 Heavy Camel Rider
45:32 Chemistry
Connection lost

Rejoining the realm…

Still unreachable

The connection could not be restored.

Session expired

The server has moved on; the page needs a fresh start.